BSA
BAFFIN ISLAND BEAVERS @ BOSTON REBELS
04/19/2028
 
TOP OF THE 1ST
Baffin Island Beavers batting - Pitching for Boston Rebels : RHP José Crus
Pitching: RHP José Crus
Batting: LHB Norberto Muñóz 0-0: Foul Ball, location: 2F
0-1: Called Strike
0-2: Ball
1-2: Ground out 4-3 (Groundball, 34)
Batting: RHB José Aguilera 0-0: Ball
1-0: Ball
2-0: Called Strike
2-1: Ball
3-1: Base on Balls
Batting: LHB Robert Phillips 0-0: Ball
1-0: Ball
2-0: Ball
3-0: Base on Balls
José Aguilera to second
Batting: RHB Dave Craig 0-0: Swinging Strike
0-1: Ball
1-1: Foul Ball, location: 2F
1-2: Foul Ball, location: 2F
1-2: Ball
2-2: Fly out, F9 (Flyball, 9LS)
Batting: LHB Lorenzo Villa 0-0: Foul Ball, location: 2F
0-1: Swinging Strike
0-2: Foul Ball, location: 2F
0-2: Strikes out swinging, 2-3 out at first.
Top of the 1st over - 0 run(s), 0 hit(s), 0 error(s), 2 left on base; Baffin Island 0 - Boston 0
BOTTOM OF THE 1ST
Boston Rebels batting - Pitching for Baffin Island Beavers : RHP José Rojas
Pitching: RHP José Rojas
Batting: RHB Ángel Garza 0-0: Ball
1-0: SINGLE (Groundball, 34) (infield hit)
Batting: LHB Bill Wilson 0-0: Called Strike
0-1: Ball
Wild Pitch!
Ángel Garza to second
1-1: Called Strike
1-2: Ball
2-2: Ball
3-2: Fly out, F8 (Flyball, 8LM)
Batting: LHB Lorenzo Flores 0-0: Ball
1-0: Ball
2-0: Ball
3-0: Called Strike
3-1: Base on Balls
Batting: LHB Miguel Rivería 0-0: Ball
1-0: Ball
2-0: Ball
3-0: Called Strike
3-1: Foul Ball, location: 2F
3-2: Base on Balls
Ángel Garza to third
Lorenzo Flores to second
Batting: RHB John Mendelson 0-0: Called Strike
0-1: Swinging Strike
0-2: Strikes out swinging
Batting: LHB Frank Jackson 0-0: Ball
1-0: Called Strike
1-1: Foul Ball, location: 2F
1-2: Foul Ball, location: 2F
1-2: Ball
2-2: Fly out, F8 (Flyball, 8LM)
Bottom of the 1st over - 0 run(s), 1 hit(s), 0 error(s), 3 left on base; Baffin Island 0 - Boston 0
TOP OF THE 2ND
Baffin Island Beavers batting - Pitching for Boston Rebels : RHP José Crus
Batting: LHB Keng-chi Lao 0-0: SINGLE (Groundball, 34S) (infield hit)
Batting: LHB Mike MacFadden 0-0: Ball
1-0: Swinging Strike
1-1: Foul Ball, location: 2F
1-2: Ball
2-2: Strikes out looking
Batting: LHB Howard Evans 0-0: Ball
1-0: Foul Ball, location: 2F
1-1: Ball
Keng-chi Lao steals 2nd base
2-1: Ground out U3 (Groundball, 34)
Keng-chi Lao to third
Batting: RHB Raúl Soto 0-0: Called Strike
0-1: Ball
1-1: Ground out 6-3 (Groundball, 6)
Top of the 2nd over - 0 run(s), 1 hit(s), 0 error(s), 1 left on base; Baffin Island 0 - Boston 0
BOTTOM OF THE 2ND
Boston Rebels batting - Pitching for Baffin Island Beavers : RHP José Rojas
Batting: LHB Sixto Cortés 0-0: Ball
1-0: Called Strike
1-1: SINGLE (Groundball, 34) (infield hit)
Batting: RHB Alberto Ramos 0-0: Called Strike
0-1: Swinging Strike
0-2: Foul Ball, location: 2F
0-2: Strikes out swinging
Batting: RHB Aaron Washington 0-0: Ball
1-0: SINGLE (Groundball, 6D)
Sixto Cortés to second
Batting: RHB Ángel Garza 0-0: Called Strike
0-1: SINGLE (Line Drive, 89S)
Sixto Cortés to third
Aaron Washington to second
Runner from 3rd tries for Home, SAFE, throw made home
Aaron Washington to third
Ángel Garza to second
Batting: LHB Bill Wilson 0-0: Called Strike
0-1: Ball
1-1: Foul Ball, location: 2F
1-2: SINGLE (Line Drive, 89S)
Aaron Washington scores
Ángel Garza to third
Batting: LHB Lorenzo Flores 0-0: Ball
1-0: DOUBLE (Flyball, 9LM)
Ángel Garza scores
Bill Wilson to third
Batting: LHB Miguel Rivería 0-0: Ball
1-0: Foul Ball, location: 2F
1-1: Swinging Strike
1-2: Strikes out looking
Batting: RHB John Mendelson 0-0: Ball
1-0: Ball
2-0: Ball
3-0: Base on Balls
Batting: LHB Frank Jackson 0-0: Ball
1-0: Called Strike
1-1: SINGLE (Groundball, 4M) (infield hit)
Bill Wilson scores
Lorenzo Flores to third
John Mendelson to second
Batting: LHB Sixto Cortés 0-0: SINGLE (Line Drive, 6MD)
Lorenzo Flores scores
John Mendelson to third
Frank Jackson to second
Runner from 3rd tries for Home, SAFE, no throw
Batting: RHB Alberto Ramos 0-0: Ball
1-0: Called Strike
1-1: Ball
2-1: Ground out 5-3 (Groundball, 56S)
Bottom of the 2nd over - 6 run(s), 7 hit(s), 0 error(s), 2 left on base; Baffin Island 0 - Boston 6
TOP OF THE 3RD
Baffin Island Beavers batting - Pitching for Boston Rebels : RHP José Crus
Batting: LHB Norberto Muñóz 0-0: Ground out U3 (Groundball, 34)
Batting: RHB José Aguilera 0-0: Called Strike
0-1: Foul Ball, location: 2F
0-2: Ball
1-2: Foul Ball, location: 2F
1-2: Ball
2-2: DOUBLE (Groundball, 5L)
Batting: LHB Robert Phillips 0-0: Called Strike
0-1: Fly out, F7 (Flyball, 7LSF)
Batting: RHB Dave Craig 0-0: Ball
1-0: SINGLE (Groundball, 56S) (infield hit)
José Aguilera to third
Batting: LHB Lorenzo Villa 0-0: Ball
1-0: Ball
2-0: Called Strike
2-1: Called Strike
2-2: Ground out U3 (Groundball, 34S)
Top of the 3rd over - 0 run(s), 2 hit(s), 0 error(s), 2 left on base; Baffin Island 0 - Boston 6
BOTTOM OF THE 3RD
Boston Rebels batting - Pitching for Baffin Island Beavers : RHP José Rojas
Batting: RHB Aaron Washington 0-0: Called Strike
0-1: Ball
1-1: Called Strike
1-2: Ground out 6-3 (Groundball, 6)
Batting: RHB Ángel Garza 0-0: Ball
1-0: Ball
2-0: Ball
3-0: Base on Balls
Batting: LHB Bill Wilson 0-0: Called Strike
0-1: Fielders Choice at 2nd, 5-4 (Groundball, 56)
Batting: LHB Lorenzo Flores 0-0: Foul Ball, location: 2F
0-1: Ball
1-1: Fly out, F8 (Flyball, 89M)
Bottom of the 3rd over - 0 run(s), 0 hit(s), 0 error(s), 1 left on base; Baffin Island 0 - Boston 6
TOP OF THE 4TH
Baffin Island Beavers batting - Pitching for Boston Rebels : RHP José Crus
Batting: LHB Keng-chi Lao 0-0: Called Strike
0-1: Ball
1-1: Ball
2-1: SINGLE (Line Drive, 34)
Batting: LHB Mike MacFadden 0-0: SINGLE (Groundball, 3D)
Keng-chi Lao to second
Runner from 2nd tries for 3rd, SAFE, no throw
Batting: LHB Howard Evans 0-0: Called Strike
0-1: Ball
1-1: Swinging Strike
1-2: Ball
2-2: Strikes out swinging
Batting: RHB Raúl Soto 0-0: Swinging Strike
0-1: Ball
1-1: Grounds into double play, 6-4-3 (Groundball, 6)
Top of the 4th over - 0 run(s), 2 hit(s), 0 error(s), 1 left on base; Baffin Island 0 - Boston 6
BOTTOM OF THE 4TH
Boston Rebels batting - Pitching for Baffin Island Beavers : RHP José Rojas
Batting: LHB Miguel Rivería 0-0: Swinging Strike
0-1: Foul Ball, location: 2F
0-2: Ball
1-2: Ball
2-2: Foul Ball, location: 2F
2-2: Foul Ball, location: 2F
2-2: Reached on error, E4 (Groundball, 4)
Batting: RHB John Mendelson 0-0: Ball
1-0: Ball
2-0: Ball
3-0: Base on Balls
Batting: LHB Frank Jackson 0-0: Ball
1-0: Ball
2-0: Called Strike
2-1: Called Strike
2-2: Ball
3-2: Base on Balls
Miguel Rivería to third
John Mendelson to second
Batting: LHB Sixto Cortés 0-0: Ball
1-0: Foul Ball, location: 2F
1-1: Foul Ball, location: 2F
1-2: Strikes out swinging
Batting: RHB Alberto Ramos 0-0: Called Strike
0-1: Ball
1-1: Ball
2-1: Called Strike
2-2: Foul Ball, location: 2F
2-2: Ball
3-2: Foul Ball, location: 2F
3-2: Foul Ball, location: 2F
3-2: Foul Ball, location: 2F
3-2: Strikes out looking
Pitching: RHP Colm Stewart
Batting: RHB Aaron Washington 0-0: Called Strike
0-1: Ball
1-1: Ball
2-1: Ball
3-1: Base on Balls
Miguel Rivería scores
John Mendelson to third
Frank Jackson to second
Batting: RHB Ángel Garza 0-0: Fly out, F2 (Popup, 34S)
Bottom of the 4th over - 1 run(s), 0 hit(s), 1 error(s), 3 left on base; Baffin Island 0 - Boston 7
TOP OF THE 5TH
Baffin Island Beavers batting - Pitching for Boston Rebels : RHP José Crus
Batting: LHB Norberto Muñóz 0-0: Called Strike
0-1: DOUBLE (Line Drive, 89D)
Batting: RHB José Aguilera 0-0: Ball
1-0: Called Strike
1-1: Ball
2-1: Swinging Strike
2-2: Foul Ball, location: 2F
2-2: Ball
3-2: Base on Balls
Batting: LHB Robert Phillips 0-0: Fly out, F4 (Line Drive, 4)
Batting: RHB Dave Craig 0-0: Foul Ball, location: 2F
0-1: SINGLE (Line Drive, 34D)
Norberto Muñóz to third
José Aguilera to second
Runner from 3rd tries for Home, SAFE, throw made home
José Aguilera to third
Dave Craig to second
Batting: LHB Lorenzo Villa 0-0: Called Strike
0-1: Called Strike
0-2: Foul Ball, location: 2F
0-2: Ball
1-2: Strikes out swinging
Batting: LHB Keng-chi Lao 0-0: Swinging Strike
0-1: Foul Ball, location: 2F
0-2: Ground out U3 (Groundball, 34)
Top of the 5th over - 1 run(s), 2 hit(s), 0 error(s), 2 left on base; Baffin Island 1 - Boston 7
BOTTOM OF THE 5TH
Boston Rebels batting - Pitching for Baffin Island Beavers : RHP Colm Stewart
Batting: LHB Bill Wilson 0-0: Ball
1-0: Called Strike
1-1: Called Strike
1-2: Ball
2-2: Ball
3-2: Foul Ball, location: 2F
3-2: Foul Ball, location: 2F
3-2: Base on Balls
Batting: LHB Lorenzo Flores 0-0: Swinging Strike
0-1: Ball
1-1: Swinging Strike
1-2: Strikes out swinging
Batting: LHB Miguel Rivería 0-0: Called Strike
Bill Wilson steals 2nd base
0-1: Ground out 6-3 (Groundball, 6M)
Bill Wilson to third
Batting: RHB John Mendelson 0-0: Ball
1-0: Foul Ball, location: 2F
1-1: SINGLE (Groundball, 56D)
Bill Wilson scores
Batting: LHB Frank Jackson 0-0: Foul Ball, location: 2F
0-1: Ball
1-1: Ball
2-1: Called Strike
2-2: Strikes out swinging
Bottom of the 5th over - 1 run(s), 1 hit(s), 0 error(s), 1 left on base; Baffin Island 1 - Boston 8
TOP OF THE 6TH
Baffin Island Beavers batting - Pitching for Boston Rebels : RHP José Crus
Batting: LHB Mike MacFadden 0-0: Foul Ball, location: 2F
0-1: SINGLE (Line Drive, 3D)
Batting: LHB Howard Evans 0-0: Ball
1-0: Called Strike
1-1: Fly out, F7 (Flyball, 7LSF)
Batting: RHB Raúl Soto 0-0: DOUBLE (Flyball, 78M)
Mike MacFadden to third
Batting: LHB Norberto Muñóz 0-0: Called Strike
0-1: Ground out 6-3 (Groundball, 6)
Mike MacFadden scores
Batting: RHB José Aguilera 0-0: Called Strike
0-1: Ball
1-1: Ball
2-1: Foul Ball, location: 2F
2-2: Ball
3-2: Base on Balls
Batting: LHB Robert Phillips 0-0: Foul Ball, location: 2F
0-1: Ball
1-1: SINGLE (Groundball, 34D)
Raúl Soto to third
José Aguilera to second
Runner from 3rd tries for Home, SAFE, no throw
Batting: RHB Dave Craig 0-0: Ball
1-0: Fly out, F7 (Flyball, 7D)
Top of the 6th over - 2 run(s), 3 hit(s), 0 error(s), 2 left on base; Baffin Island 3 - Boston 8
BOTTOM OF THE 6TH
Boston Rebels batting - Pitching for Baffin Island Beavers : RHP Colm Stewart
Batting: LHB Sixto Cortés 0-0: Called Strike
0-1: Called Strike
0-2: Ball
1-2: Foul Ball, location: 2F
1-2: Foul Ball, location: 2F
1-2: Strikes out swinging
Batting: RHB Alberto Ramos 0-0: Ball
1-0: Swinging Strike
1-1: Swinging Strike
1-2: Strikes out swinging
Batting: RHB Aaron Washington 0-0: Ball
1-0: Ball
2-0: Called Strike
2-1: Called Strike
2-2: Fly out, F5 (Popup, 5S)
Bottom of the 6th over - 0 run(s), 0 hit(s), 0 error(s), 0 left on base; Baffin Island 3 - Boston 8
TOP OF THE 7TH
Baffin Island Beavers batting - Pitching for Boston Rebels : RHP José Crus
Pitching: RHP Alfredo Ruíz
Batting: LHB Lorenzo Villa 0-0: Called Strike
0-1: Ball
1-1: Ground out U3 (Groundball, 34)
Batting: LHB Keng-chi Lao 0-0: Fly out, F8 (Flyball, 89M)
Batting: LHB Mike MacFadden 0-0: Ball
1-0: DOUBLE (Line Drive, 8LD)
Batting: LHB Howard Evans 0-0: Ball
1-0: Fly out, F7 (Flyball, 78D)
Top of the 7th over - 0 run(s), 1 hit(s), 0 error(s), 1 left on base; Baffin Island 3 - Boston 8
BOTTOM OF THE 7TH
Boston Rebels batting - Pitching for Baffin Island Beavers : RHP Colm Stewart
Batting: RHB Ángel Garza 0-0: Ball
1-0: SOLO HOME RUN (Flyball, 7D), Distance : 409 ft
Batting: LHB Bill Wilson 0-0: Called Strike
0-1: Ball
1-1: Swinging Strike
1-2: Ball
2-2: Strikes out looking
Pitching: RHP Steve Griffin
Batting: LHB Lorenzo Flores 0-0: Called Strike
0-1: Ground out 4-3 (Groundball, 4)
Batting: LHB Miguel Rivería 0-0: Called Strike
0-1: Ball
1-1: Ball
2-1: Called Strike
2-2: Ground out 1-3 (Groundball, 13)
Bottom of the 7th over - 1 run(s), 1 hit(s), 0 error(s), 0 left on base; Baffin Island 3 - Boston 9
TOP OF THE 8TH
Baffin Island Beavers batting - Pitching for Boston Rebels : RHP Alfredo Ruíz
Batting: RHB Raúl Soto 0-0: Ground out 1-3 (Groundball, 13S)
Batting: LHB Norberto Muñóz 0-0: Ball
1-0: Ball
2-0: Ball
3-0: Foul Ball, location: 2F
3-1: Fly out, F3 (Line Drive, 34)
Batting: RHB José Aguilera 0-0: Called Strike
0-1: Ground out 6-3 (Groundball, 6)
Top of the 8th over - 0 run(s), 0 hit(s), 0 error(s), 0 left on base; Baffin Island 3 - Boston 9
BOTTOM OF THE 8TH
Boston Rebels batting - Pitching for Baffin Island Beavers : RHP Steve Griffin
Batting: RHB John Mendelson 0-0: Ground out 6-3 (Groundball, 6)
Batting: LHB Frank Jackson 0-0: Ball
1-0: Fly out, F8 (Flyball, 8RD)
Batting: LHB Sixto Cortés 0-0: Ball
1-0: Called Strike
1-1: Swinging Strike
1-2: Ball
2-2: Ball
3-2: Ground out 3-1 (Groundball, 34)
Bottom of the 8th over - 0 run(s), 0 hit(s), 0 error(s), 0 left on base; Baffin Island 3 - Boston 9
TOP OF THE 9TH
Baffin Island Beavers batting - Pitching for Boston Rebels : RHP Alfredo Ruíz
Now in CF: Felipe Guerrero
Batting: LHB Robert Phillips 0-0: Ball
1-0: Called Strike
1-1: Called Strike
1-2: Ball
2-2: Fly out, F8 (Flyball, 89D)
Batting: RHB Dave Craig 0-0: Ball
1-0: Fly out, F9 (Flyball, 9LM)
Batting: LHB Lorenzo Villa 0-0: SINGLE (Groundball, 3D)
Batting: LHB Keng-chi Lao 0-0: DOUBLE (Flyball, 89XD)
Lorenzo Villa to third
Runner from 3rd tries for Home, SAFE, throw made home
Batting: LHB Mike MacFadden 0-0: Called Strike
0-1: Ball
1-1: Called Strike
1-2: Foul Ball, location: 2F
1-2: SINGLE (Groundball, 6MS) (infield hit)
Keng-chi Lao to third
Batting: LHB Howard Evans 0-0: Ball
1-0: SINGLE (Groundball, 4MD)
Keng-chi Lao scores
Mike MacFadden to second
Pitching: RHP Tony Rocha
Batting: RHB Raúl Soto 0-0: Called Strike
0-1: Swinging Strike
0-2: Strikes out swinging
Top of the 9th over - 2 run(s), 4 hit(s), 0 error(s), 2 left on base; Baffin Island 5 - Boston 9
Tuesday, August 8th, 2017 - OOTP Baseball 17.12 Build 75